 Dungeon Crawl Stone Soup version 0.30.1-4-g462c640d31 (webtiles) character file.

Game seed: 5907607189872145241

39 Cheops the Caller (level 3, -1/26 HPs)
             Began as a Draconian Summoner on Sept 10, 2023.
             Slain by Terence
             ... wielding a +2 mace of protection
              (11 damage)
             ... on level 2 of the Dungeon.
             The game lasted 00:08:16 (1728 turns).

Cheops the Caller (Draconian Summoner)              Turns: 1728, Time: 00:08:16

Health: -1/26      AC:  5    Str: 10    XL:     3   Next: 26%
Magic:  3/7        EV: 12    Int: 17    God:
Gold:   52         SH:  0    Dex: 11    Spells: 2/8 levels left

rFire   . . .        e - +0 dagger
rCold   . . .        (no shield)
rNeg    . . .        (body armour unavailable)
rPois   .            (helmet restricted)
rElec   .            (no cloak)
rCorr   .            (no gloves)
SInv    .            (no boots)
Will    .....        (no amulet)
Stlth   ++           (no ring)
HPRegen 0.24/turn    (no ring)
MPRegen 0.10/turn

%: no passive effects
@: no status effects
A: AC +5, unfitting armour, cold-blooded
a: no special abilities


You were on level 2 of the Dungeon.
You visited 1 branch of the dungeon, and saw 2 of its levels.

You collected 52 gold pieces.

Inventory:

Hand Weapons
 e - a +0 dagger (weapon)
Scrolls
 b - a scroll of teleportation {unknown}
 f - a scroll of vulnerability {unknown}
 g - a scroll of torment {unknown}
 i - a scroll of immolation {unknown}
Potions
 a - 2 potions of magic
 c - 4 potions of curing {unknown}
 d - a potion of mutation {unknown}
 h - a potion of heal wounds {unknown}
 j - a potion of flight {unknown}


   Skills:
 - Level 1.7 Dodging
 - Level 1.7 Stealth
 - Level 3.0 Spellcasting
 + Level 4.5 Summonings


You had 2 spell levels left.
You knew the following spells:

 Your Spells              Type           Power      Damage    Failure   Level
c - Call Canine Familiar  Summ           17%        N/A       9%          3
i - Call Imp              Summ           34%        N/A       4%          2
m - Summon Small Mammal   Summ           68%        N/A       2%          1

Your spell library contained the following spells:

 Spells                   Type           Power      Damage    Failure   Level
 Summon Guardian Golem    Hex/Summ       10%        N/A       21%         3
 Summon Lightning Spire   Summ/Air       10%        N/A       56%         4


Dungeon Overview and Level Annotations

Branches:
Dungeon (2/15)

Altars:

Shops:
D:2 =

Annotations:
D:2 Terence


Innate Abilities, Weirdness & Mutations

Your plain brown scales are hard. (AC +5)
You cannot fit into any form of body armour.
You are cold-blooded and may be slowed by cold attacks.


Message History

Your cerulean imp hits Terence but does no damage.
Your hound bites Terence but does no damage.
You hit Terence but do no damage.
Terence is lightly wounded.
Terence screams, "I want your blood!" Terence closely misses you.
Your hound closely misses Terence.
Your cerulean imp hits Terence from afar with a -3 spear.
You closely miss Terence.
Terence is moderately wounded.
Your hound bites Terence but does no damage.
Terence hits you with a +2 mace of protection.
Your cerulean imp hits Terence but does no damage.
Your hound bites Terence but does no damage.
You hit Terence.
Terence is moderately wounded.
Terence closely misses you.
Your hound barely misses Terence.
Your cerulean imp closely misses Terence.
You hit Terence but do no damage.
Terence is moderately wounded.
Your hound barely misses Terence.
Terence barely misses you.
Your cerulean imp hits Terence from afar with a -3 spear.
Your hound bites Terence but does no damage.
You hit Terence.
Terence is heavily wounded.
Terence hits you with a +2 mace of protection.
* * * LOW HITPOINT WARNING * * *
Your hound barely misses Terence.
Your cerulean imp hits Terence from afar with a -3 spear.
You hit Terence but do no damage.
Terence is heavily wounded.
Your hound bites Terence but does no damage.
Terence hits you with a +2 mace of protection.
* * * LOW HITPOINT WARNING * * *
Your cerulean imp barely misses Terence.
Your hound closely misses Terence.
You barely miss Terence.
You tail-slap Terence, but do no damage.
Terence is heavily wounded.
Terence hits you with a +2 mace of protection!
You die...

......#..#.#####
###.†...#
...######.#.#
#..!..# ...
###.#.######
....>..
#.##..........##
#.#...###
#..........∩...#
#.#...#
####...........#
#.$...#
#...........#
#...........##
#.......@....#
#.......@h5#...#
#..........###.#
..................
#######..$........
######.......
...#... ....## ###


You could see Terence (ally target), a friendly hound (summoned) and a friendly
cerulean imp (summoned).

Vanquished Creatures
  3 endoplasms (D:1)
  A hobgoblin (D:1)
  2 ball pythons (D:1)
  3 bats (D:1)
  2 kobolds (D:1)
  4 rats (D:1)
15 creatures vanquished.

Vanquished Creatures (collateral kills)
  An adder (D:1)
  2 dart slugs
  An endoplasm (D:1)
  A hobgoblin (D:1)
  A ball python (D:1)
  2 bats (D:1)
  A frilled lizard (D:1)
  2 goblins (D:1)
  A kobold (D:1)
  A rat (D:2)
13 creatures vanquished.

Grand Total: 28 creatures vanquished

Notes
Turn   | Place    | Note
-------+----------+-------------------------------------------
     0 | D:1      | Cheops the Draconian Summoner began the quest for the Orb.
     0 | D:1      | Reached XP level 1. HP: 14/14 MP: 3/3
   238 | D:1      | Reached XP level 2. HP: 2/20 MP: 3/5
   630 | D:1      | Learned a level 2 spell: Call Imp
  1510 | D:2      | Found a faded altar of an unknown god.
  1544 | D:1      | Reached XP level 3. HP: 17/26 MP: 1/7
  1605 | D:1      | Learned a level 3 spell: Call Canine Familiar
  1691 | D:2      | Found Rur Boni's Jewellery Boutique.
  1707 | D:2      | Noticed Terence
  1728 | D:2      | Slain by Terence

Illustrated notes

Levels and vault maps discovered:
D:1:      lightli_arrival_isolated_outpost, layout_loops_ring
D:2:      layout_rooms, serial_shops, shop, ebering_ecumenical_altar_abandoned,
          uniq_terence

Skill      XL: |  1  2 |
---------------+-------+-----
Spellcasting   | 3 |  3.0
Dodging        | |  1.7
Stealth        | |  1.7
Summonings     | |  4.5

Action                     || total
---------------------------++-------
  Melee: Unarmed           ||    14
         Dagger            ||    54
         Tailslap          ||    11
   Cast: Summon Small Mamm ||    20
         Call Imp          ||     4
         Call Canine Famil ||     2
 Armour: Skin              ||    34
  Dodge: Dodged            ||    59
